 Dungeon Crawl Stone Soup version 0.20.1-1-g8b1a95d (webtiles) character file.

1635 vishdafish the Digger (level 8, 0/67 HPs)
             Began as a Troll Earth Elementalist on July 14, 2017.
             Slain by a killer bee (7 damage)
             ... on level 5 of the Dungeon.
             The game lasted 00:13:03 (4759 turns).

vishdafish the Digger (Troll Earth Elementalist)    Turns: 4759, Time: 00:13:05

Health: 0/67       AC:  7    Str: 23    XL:     8   Next: 66%
Magic:  12/12      EV: 10    Int: 17    God:
Gold:   198        SH:  0    Dex: 10    Spells: 13/14 levels left

rFire    . . .     SeeInvis .     - Unarmed
rCold    . . .     Gourm    +   (no shield)
rNeg     . . .     Faith    .   c - +0 robe
rPois    .         Spirit   .   d - +1 hat
rElec    .         Reflect  .   t - +0 cloak
rCorr    .         Harm     .   (gloves unavailable)
MR       .....                  (boots unavailable)
Stlth    +.........             (no amulet)
Regen    0.7/turn               (no ring)
MPRegen  0.2/turn               (no ring)

@: mighty, brilliant, lethally poisoned (0 -> -7)
A: unfitting armour, claws 3, fast metabolism 3, gourmand, regeneration 1,
shaggy fur 1, tough skin 2
a: no special abilities


You were on level 5 of the Dungeon.
You were near starving.

You visited 1 branch of the dungeon, and saw 6 of its levels.

You collected 198 gold pieces.

Inventory:

Missiles
 b - 146 stones (quivered)
Armour
 c - a +0 robe (worn)
 d - a +1 hat (worn)
 t - a +0 cloak (worn)
Jewellery
 C - an uncursed ring of resist corrosion {unknown}
Wands
 j - a wand of enslavement (12/24)
 u - a wand of polymorph (13/24)
 A - a wand of flame (37/48)
Scrolls
 f - 3 scrolls of immolation
 l - a scroll of recharging
 n - 3 scrolls of teleportation
 o - 2 scrolls of blinking {unknown}
 p - a scroll of enchant armour {unknown}
 r - 2 scrolls of remove curse
 v - 2 scrolls of enchant weapon {unknown}
 w - a scroll of amnesia {unknown}
 y - a scroll of fog {unknown}
Potions
 g - 3 potions of might
 h - a potion of brilliance
 i - a potion of haste
 k - 2 potions of curing {unknown}
 m - a potion of invisibility {unknown}
 s - a potion of mutation {unknown}
 x - 3 potions of heal wounds {unknown}
 D - a potion of agility {unknown}
Books
 e - a book of Geomancy

   Spells                             Type                      Level
   a - Sandblast                      Earth                        1
   b - Passwall                       Transmutation/Earth          2
   c - Stone Arrow                    Conjuration/Earth            3
   d - Petrify                        Transmutation/Earth          4
   e - Lee's Rapid Deconstruction     Earth                        5
Comestibles
 a - a meat ration
 q - 3 bread rations
 z - 3 royal jellies
 B - 2 fruits


   Skills:
 - Level 0.1 Fighting
 - Level 1.7 Dodging
 - Level 1.3 Stealth
 + Level 5.0 Unarmed Combat
 + Level 3.6 Spellcasting
   Level 0.6 Transmutations
 * Level 7.6 Earth Magic


You had 13 spell levels left.
You knew the following spells:

 Your Spells              Type           Power        Failure   Level  Hunger
a - Sandblast             Erth           #####.       1%          1    None


Dungeon Overview and Level Annotations

Branches:
Dungeon (6/15)
 Temple: D:4-7

Altars:
Dithmenos
Elyvilon
Hepliaklqana
Qazlal
Uskayaw
Vehumet
Xom
Yredelemnul
Zin

Shops:
D:4 :

Annotations:
D:2 Sigmund


Innate Abilities, Weirdness & Mutations

You are too large for most types of armour.
You have claws for hands.
Your metabolism is lightning-fast.
You like to eat raw meat.
Your natural rate of healing is unusually fast.
You are covered in fur. (AC +1)
You have very tough skin. (AC +2)


Message History

There is a stone staircase leading down here.
It was a potion of might.
You feel very mighty all of a sudden.
You feel sick. The killer bee barely misses you.
The killer bee closely misses you.
The killer bee stings you but does no damage.
The killer bee barely misses you.
You closely miss the killer bee.
You feel sick. The killer bee closely misses you. The killer bee stings you.
* * * LOW HITPOINT WARNING * * *
The killer bee stings you.
* * * LOW HITPOINT WARNING * * *
The killer bee closely misses you.
It was a potion of brilliance.
You feel clever all of a sudden.
You feel sick. The killer bee closely misses you. x2
The killer bee stings you.
* * * LOW HITPOINT WARNING * * *
The killer bee stings you!
You die...

..###..............#.........#
..............#........#######
..........#..........###
.....................#
##..#.#.....<........######
#....######.........##...#
##..########.........##...#
..........##..............#
....#####......y@y...#....#
....######................#
...........############...#
##........######## #...#
##..............######...#
##..................#####
#.....############## ##.[..#
#....#


You could see 2 killer bees.

Vanquished Creatures
  The ghost of flestrin the Cudgeler, a novice GrFi of Okawaru (D:5)
  Prince Ribbit (D:5)
  Eustachio (D:4)
  Menkaure (D:4)
  An ogre (D:5)
  A centaur (D:4)
  A gnoll sergeant (D:5)
  A killer bee (D:6)
  5 crimson imps
  A bullfrog zombie (D:6)
  Crazy Yiuf (D:2)
  3 hounds
  A jelly (D:5)
  An iguana (D:4)
  An orc wizard (D:4)
  2 worker ants (D:4)
  4 gnolls (D:5)
  8 adders
  2 shadow imps (D:5)
  An ooze (D:2)
  An adder skeleton (D:4)
  3 worms
  4 dart slugs
  2 leopard geckos
  6 orcs (D:4)
  3 giant cockroaches
  5 goblins
  6 hobgoblins
  4 jackals
  7 kobolds
  A quokka (D:2)
  14 bats
  6 frilled lizards
  A jackal skeleton (D:5)
  2 leopard gecko skeletons (D:4)
  A quokka skeleton (D:4)
  6 rats
110 creatures vanquished.

Notes
Turn   | Place    | Note
-------+----------+-------------------------------------------
     0 | D:1      | vishdafish the Troll Earth Elementalist began the quest for the Orb.
     0 | D:1      | Reached XP level 1. HP: 16/16 MP: 1/1
   233 | D:1      | Reached XP level 2. HP: 22/24 MP: 3/3
   728 | D:2      | Found a white marble altar of Elyvilon.
   740 | D:2      | Reached skill level 3 in Earth Magic
   747 | D:2      | Reached XP level 3. HP: 31/31 MP: 4/4
   865 | D:2      | Reached skill level 1 in Unarmed Combat
   940 | D:2      | Found a glowing silver altar of Zin.
  1088 | D:2      | Found a basalt altar of Yredelemnul.
  1273 | D:2      | Reached XP level 4. HP: 39/39 MP: 5/5
  1356 | D:2      | Noticed Sigmund
  1670 | D:3      | Found a hide-covered altar of Uskayaw.
  1673 | D:3      | Found a hazy altar of Hepliaklqana.
  1675 | D:3      | Found a shimmering altar of Xom.
  1897 | D:3      | Found a shimmering altar of Xom.
  2097 | D:3      | Reached skill level 4 in Earth Magic
  2097 | D:3      | Reached XP level 5. HP: 40/45 MP: 5/7
  2576 | D:3      | Found a stormy altar of Qazlal.
  2580 | D:3      | Found a shadowy altar of Dithmenos.
  2667 | D:2      | Found a runed door.
  2671 | D:2      | Noticed Crazy Yiuf
  2676 | D:2      | Killed Crazy Yiuf
  2676 | D:2      | Reached XP level 6. HP: 43/53 MP: 5/8
  3131 | D:4      | Noticed Menkaure
  3141 | D:4      | Killed Menkaure
  3141 | D:4      | Reached skill level 5 in Earth Magic
  3265 | D:4      | Reached XP level 7. HP: 30/59 MP: 9/9
  3273 | D:4      | Found Ebluwk's Book Shop.
  3679 | D:5      | Entered Level 5 of the Dungeon
  3789 | D:5      | Reached skill level 6 in Earth Magic
  3839 | D:5      | Found a radiant altar of Vehumet.
  3850 | D:5      | Found a shimmering altar of Xom.
  3912 | D:5      | Noticed Prince Ribbit
  3914 | D:5      | Noticed Eustachio
  4055 | D:4      | Killed Eustachio
  4092 | D:5      | Killed Prince Ribbit
  4092 | D:5      | Reached XP level 8. HP: 49/67 MP: 11/11
  4114 | D:5      | Noticed flestrin's ghost (novice GrFi)
  4276 | D:5      | Reached skill level 7 in Earth Magic
  4404 | D:5      | Killed flestrin's ghost
  4735 | D:6      | Reached skill level 5 in Unarmed Combat
  4759 | D:5      | Slain by a killer bee

Skill      XL: |  1  2  3  4  5  6  7  8 |
---------------+-------------------------+-----
Earth Magic    | 3 4 5 6 7 |  7.6
Unarmed Combat | 1 2 3 4 5 |  5.0
Spellcasting   | 2 3 |  3.6
Fighting       | |  0.1
Dodging        | |  1.7
Stealth        | |  1.3
Transmutations | |  0.6

Action                   |  1- 3 |  4- 6 |  7- 9 || total
-------------------------+-------+-------+-------++-------
Melee: Unarmed           |   122 |   216 |   171 ||   509
       Punch             |       |       |     5 ||     5
 Cast: Sandblast         |     1 |     5 |     7 ||    13
Evoke: Wand              |       |       |     4 ||     4
  Use: Scroll            |       |     2 |     2 ||     4
       Potion            |       |     1 |     2 ||     3
 Stab: Sleeping          |     6 |     3 |       ||     9
  Eat: Chunk             |     4 |    17 |    10 ||    31
       Bread ration      |     1 |     1 |       ||     2
Armor: Robe              |    47 |    81 |    99 ||   227
Dodge: Dodged            |    69 |   121 |   138 ||   328
